AoeStats
← Bananaman651

Nomad

510008809Analyzed
4v4 RM · 4d ago on Sep 29, 2026· 37m 2s· 8 players
Game mode
Random Map
Map size
231×231
Population
200
Speed
Normal
Resources
Standard
Victory
Conquest
Starting age
Dark Age
Ending age
Imperial Age
RankedLock teamsTeams togetherTeam positionsShared explorationLock speedFull tech treeHidden civsTurbo modeCheats
Victory
Defeat
🇻🇳 Teutons · Vietnam
1496
+16
🇨🇿 Inca · Czechia
1462
+17
🇺🇸 Khmer · United States
1444
+18
🇺🇸 Bohemians · United States
1433
+18
🇨🇴 Bulgarians · Colombia
1566
-21
🇨🇦 Lithuanians · Canada
1539
-19
🇦🇷 Maya · Argentina
1464
-16
🇹🇷 Mongols · Türkiye
1389
-13
AperolSpritz
6:01 Loom
12:47 Feudal Age
13:57 Double-Bit Axe
16:56 Castle Age
17:04 Bloodlines
21:15 Husbandry
25:35 Scale Mail Armor
28:27 Forging
29:34 Fletching
30:19 Bodkin Arrow
34:04 Ballistics
34:47 Wheelbarrow
34:44 Guard Tower
36:29 Light Cavalry
Bananaman651
3:27 Loom
13:45 Feudal Age
18:31 Castle Age
18:13 Double-Bit Axe
20:57 Medium Warships
23:11 Bow Saw
23:15 Fletching
24:41 Scale Mail Armor
26:38 Fishing Lines
27:22 Gillnets
27:45 Town Watch
29:15 Squires
30:16 Wheelbarrow
30:08 Pikeman
30:43 Champi Runner
32:03 Scale Mail Armor
32:41 Champi Warrior
33:50 Forging
37:53 Imperial Age
35:48 Horse Collar
35:59 Gold Mining
43 Đoàn Quốc Hưng
9:52 Loom
12:31 Feudal Age
21:11 Double-Bit Axe
21:28 Fletching
30:02 Castle Age
ZKP
5:26 Loom
12:49 Feudal Age
13:19 Double-Bit Axe
14:13 Fletching
17:11 Town Watch
20:30 Castle Age
21:33 Bow Saw
21:56 Medium Warships
22:20 Bodkin Arrow
24:49 Sanctity
24:43 Fervor
28:54 Redemption
32:36 Imperial Age
33:52 Block Printing
34:37 Illumination
35:41 Chemistry
sfcwallace
10:44 Loom
13:07 Feudal Age
14:33 Double-Bit Axe
18:03 Castle Age
25:43 Sanctity
27:17 Scale Barding Armor
33:29 Chain Barding Armor
34:18 Bloodlines
35:47 Wheelbarrow
The .Gocho
4:32 Loom
12:29 Feudal Age
13:03 Town Watch
16:25 Castle Age
16:09 Double-Bit Axe
17:17 Wheelbarrow
17:46 Bow Saw
17:55 Fletching
18:11 Scale Barding Armor
24:29 Forging
30:06 Bodkin Arrow
33:20 Gold Mining
34:12 Hand Cart
Guts
8:28 Loom
12:48 Feudal Age
13:44 Feudal Age
19:25 Castle Age
23:40 Scale Barding Armor
Erebor.
9:32 Loom
11:50 Feudal Age
12:23 Town Watch
13:46 Wheelbarrow
24:32 Castle Age
Connection lost

Rejoining the realm…

Still unreachable

The connection could not be restored.

Session expired

The server has moved on; the page needs a fresh start.